 Dungeon Crawl Stone Soup version 0.16.0-17-g811c1d7 (console) character file.

30 mauris the Grasshopper (level 3, 0/28 HPs)
             Began as a Formicid Warper on Mar 21, 2015.
             Was an Initiate of Ashenzari.
             Slain by a crocodile (2 damage)
             ... on level 7 of the Lair of Beasts.
             The game lasted 00:03:43 (931 turns).

mauris the Grasshopper (Formicid Warper)             Turns: 931, Time: 00:03:43

Health: 0/28       AC:  3    Str: 15    XL:     3   Next: 37%
Magic:  7/7        EV:  2    Int: 12    God:    Ashenzari [......]
Gold:   13         SH:  0    Dex: 11    Spells: 1 memorised, 5 levels left

rFire  . . .     SeeInvis +     d - +2 short sword (speed)
rCold  . . .     Clarity  .     b - +0 leather armour {3}
rNeg   + + +     SustAb   .     (no shield)
rPois  ∞         Gourm    .     (helmet unavailable)
rElec  .         Spirit   .     (no cloak)
rCorr  .         Warding  .     (no gloves)
rMut   .         Stasis   +     (no boots)
MR     .....                    (no amulet)
Stlth  +.........               (no ring)
                                (no ring)

@: petrified, not resistant to hostile enchantments, very unstealthy
A: permanent stasis, dig shafts and tunnels, four strong arms, antennae 3
a: Dig, Shaft Self, Renounce Religion


You were on level 7 of the Lair of Beasts.
You worshipped Ashenzari.
Ashenzari was noncommittal.
You were not hungry.

You visited 3 branches of the dungeon, and saw 13 of its levels.

You collected 13 gold pieces.

Inventory:

Hand weapons
 d - a +2 short sword of speed (weapon)
Missiles
 e - 5 tomahawks of dispersal (quivered) {!f}
Armour
 b - a +0 leather armour (worn) {3}
Scrolls
 a - a scroll of identify {unknown}
 g - a scroll of fear {unknown}
 h - a scroll of fog {unknown}
 i - a scroll of brand weapon {unknown}
Potions
 j - a potion of resistance {unknown}
Books
 c - a book of Spatial Translocations

   Spells                             Type                      Level
   a - Apportation                    Translocation                1
   b - Blink                          Translocation                2
   c - Shroud of Golubria             Charms/Translocation         2
   d - Portal Projectile              Translocation                3
   e - Teleport Other                 Translocation                3
   f - Passage of Golubria            Translocation                4
Comestibles
 f - a bread ration


   Skills:
 + Level 2.5 Fighting
 + Level 2.2 Short Blades
 + Level 1.0 Throwing
 + Level 1.4 Armour
 + Level 2.1 Dodging
 + Level 2.4 Spellcasting
 + Level 2.8 Translocations


You had 5 spell levels left.
You knew the following spells:

 Your Spells              Type           Power        Failure   Level  Hunger
A - Apportation           Tloc           #.........   12%         1    ##.....


Dungeon Overview and Level Annotations

Branches:
Dungeon (12/15)            Temple (1/1) D:4            Lair (7/8) D:11
  Swamp: Lair:3-6    Shoals: Lair:3-6     Snake: Lair:3-6    Spider: Lair:3-6
  Slime: Lair:6-8       Orc: D:9-12

Altars:
Ashenzari
Cheibriados
Makhleb

Shops:
D:5 }

Annotations:
D:10 Psyche


Innate Abilities, Weirdness & Mutations

You are under a permanent stasis effect.
You can dig through walls and to a lower floor.
Your four strong arms can wield two-handed weapons with a shield.
You have a pair of large antennae on your head (SInv).


Message History

The basilisk gazes at you.
You are slowing down.
You retract your mandibles.
Your limbs are stiffening.
A crocodile comes into view.
The crocodile moves out of view.
You have turned to stone.
The basilisk bites you! The crocodile bites you. The basilisk bites you!!
* * * LOW HITPOINT WARNING * * *
The crocodile bites you.
* * * LOW HITPOINT WARNING * * *
The basilisk gazes at you. You resist with significant effort.
The crocodile bites you.
* * * LOW HITPOINT WARNING * * *
The basilisk gazes at you. The crocodile bites you!
* * * LOW HITPOINT WARNING * * *
The basilisk gazes at you. The crocodile bites you.
You die...

....#####PPP.#
.#...##P#.#P...##..
P.....#.....P..#...##
....................P#
.....#...#P.l....#..##
........ ##.P.....#.#
#...###.#....#####
#PP.l#.##P.###
#..@P.#.#P..#
#..Pt##.##.....
#....P.###.......
##...... ......
#...P... ...P.
##....##. # ....P# ##
......# .P.


You could see a basilisk and a crocodile.

Vanquished Creatures
  A worker ant (D:4)
  An ooze (D:5)
  A hobgoblin (D:11)
  2 kobolds
  A quokka (D:4)
  A rat (D:5)
7 creatures vanquished.

Vanquished Creatures (others)
  2 fungi (Lair:7)
2 creatures vanquished.

Grand Total: 9 creatures vanquished

Notes
Turn   | Place    | Note
--------------------------------------------------------------
     0 | D:1      | mauris, the Formicid Warper, began the quest for the Orb.
     0 | D:1      | Reached XP level 1. HP: 16/16 MP: 3/3
     8 | D:1      | You fall through a shaft!
    11 | D:2      | You fall through a shaft for 2 floors!
    14 | D:4      | Found a staircase to the Ecumenical Temple.
    23 | Temple   | Entered the Ecumenical Temple
    61 | Temple   | Became a worshipper of Ashenzari the Shackled
   106 | D:4      | Noticed a worker ant
   111 | D:4      | Huge Dmg: 5 dmg
   113 | D:4      | Killed a worker ant
   113 | D:4      | Reached skill level 1 in Throwing
   113 | D:4      | Reached XP level 2. HP: 12/23 MP: 6/6
   113 | D:4      | Reached XP level 3. HP: 14/28 MP: 7/7
   123 | D:4      | Huge Dmg: 4 dmg
   133 | Temple   | Huge Dmg: 2 dmg
   397 | D:5      | Entered Level 5 of the Dungeon
   397 | D:5      | Found Gywn's Gadget Shoppe.
   472 | D:5      | You fall through a shaft for 3 floors!
   472 | D:8      | Noticed a scorpion
   476 | D:8      | You fall through a shaft for 3 floors!
   476 | D:11     | Noticed a cyclops
   479 | D:11     | HP: 1/28 [cyclops/large rock (27)]
   480 | D:11     | Huge Dmg: 27 dmg
   532 | D:10     | Entered Level 10 of the Dungeon
   532 | D:10     | Noticed Psyche
   841 | D:11     | Found a staircase to the Lair.
   846 | Lair:1   | Entered Level 1 of the Lair of Beasts
   894 | Lair:2   | You fall through a shaft for 2 floors!
   904 | Lair:4   | Noticed a komodo dragon
   908 | Lair:4   | You fall through a shaft for 3 floors!
   908 | Lair:7   | Noticed a basilisk
   923 | Lair:7   | Noticed a crocodile
   931 | Lair:7   | Slain by a crocodile

Action                   || total
-------------------------++-------
Melee: Short sword       ||    21
 Abil: Shaft Self        ||     6
       Dig               ||     8
  Eat: Meat ration       ||     1

Vault maps used:
D:1:      sevenhm_arrival_forest_fort_large_4
D:2:      nicolae_overflow_hidden_temple, led_sif_pool
D:4:      grunt_temple_overflow_open, minmay_temple_entry_junction, first_bread,
          glass_columns_a, elyvilon_altar_4, uniq_duvessa, uniq_iyjb
D:5:      serial_shops, shop
D:8:      the_bakery
D:10:     lemuel_bear_cage, erik_orc_3, uniq_psyche
D:11:     lair_0_dummy
D:12:     wad_lake_hut, nicolae_two_hexagons, st_stairs_6, uniq_maurice
Temple:   dpeg_five_rooms_temple_12
Lair:1:   infiniplex_staircase_pool
Lair:4:   beast_lair_carwin_large_1, grunt_megastairs_3
Lair:7:   pond_and_an_island_with_a_cottage, serial_bayou_shore_b
